 Dungeon Crawl Stone Soup version 0.23-a0-714-g00c90a0c22 (webtiles) character file.

6672 Crom the Carver (level 10, -5/93 HPs)
             Began as a Minotaur Gladiator on Jan 16, 2019.
             Was a Believer of Okawaru.
             Slain by a death yak (19 damage)
             ... on level 8 of the Dungeon.
             The game lasted 00:30:33 (11638 turns).

Crom the Carver (Minotaur Gladiator)               Turns: 11638, Time: 00:30:34

Health: -5/93      AC: 11    Str: 22    XL:     10   Next: 73%
Magic:  9/9        EV: 10    Int:  5    God:    Okawaru [**....]
Gold:   796        SH:  0    Dex: 12    Spells: 9/9 levels left

rFire    . . .     SeeInvis .   C - +3 falchion
rCold    . . .     Gourm    .   (no shield)
rNeg     . . .     Faith    .   m - +0 chain mail
rPois    .         Spirit   .   c - +0 hat
rElec    .         Reflect  .   (no cloak)
rCorr    .         Harm     .   (no gloves)
MR       .....                  (no boots)
Stlth    ..........             g - amulet of the acrobat
HPRegen  0.25/turn              (no ring)
MPRegen  0.11/turn              (no ring)

@: drained
A: retaliatory headbutt, horns 2
a: Heroism, Renounce Religion


You were on level 8 of the Dungeon.
You worshipped Okawaru.
Okawaru was pleased with you.
You were not hungry.

You visited 2 branches of the dungeon, and saw 9 of its levels.

You collected 796 gold pieces.

Inventory:

Hand Weapons
 a - a +0 long sword
 f - a +2 short sword of draining
   (You took it off an orc priest on level 4 of the Dungeon)
 r - a +0 shortbow
   (You took it off a centaur on level 6 of the Dungeon)
 C - a +3 falchion (weapon)
   (You took it off a wight on level 8 of the Dungeon)
Missiles
 b - 112 arrows
 s - 149 stones (quivered)
 x - 7 tomahawks
Armour
 c - a +0 hat (worn)
 m - a +0 chain mail (worn)
   (You found it on level 2 of the Dungeon)
 y - a +1 cloak
   (You found it on level 7 of the Dungeon)
 B - a +2 buckler
   (You took it off a gnoll sergeant on level 8 of the Dungeon)
 G - a +1 pair of boots
   (You found it on level 8 of the Dungeon)
Jewellery
 g - an amulet of the acrobat (around neck)
   (You found it on level 4 of the Dungeon)
 j - a +5 amulet of reflection
   (You took it off a centaur on level 6 of the Dungeon)
 w - a cursed ring of teleportation {unknown}
   (You found it on level 6 of the Dungeon)
Wands
 d - a wand of iceblast (11)
   (You found it on level 8 of the Dungeon)
 t - a wand of flame (21)
   (You found it on level 3 of the Dungeon)
 u - a wand of paralysis (12)
   (You found it on level 7 of the Dungeon)
 v - a wand of digging (7)
   (You found it on level 2 of the Dungeon)
 A - a wand of enslavement (11)
   (You found it on level 7 of the Dungeon)
Scrolls
 l - 3 scrolls of teleportation {@r4}
 q - a scroll of magic mapping
 z - 2 scrolls of remove curse {@r2}
 D - a scroll of identify {@r1}
 E - a scroll of blinking {unknown}
Potions
 h - 2 potions of agility {unknown}
 i - 3 potions of curing {@q1}
 k - a potion of degeneration {unknown}
 n - a potion of lignification {!q}
 o - a potion of berserk rage {unknown}
 p - a potion of might {unknown}
Comestibles
 e - 5 rations {!d}


   Skills:
 + Level 9.8(9.6) Fighting
 * Level 13.4(13.2) Long Blades
 - Level 2.0(1.8) Throwing
 + Level 9.4(9.2) Armour
 - Level 5.0(4.7) Dodging
 + Level 2.3(2.2) Shields


You had 9 spell levels left.
You didn't know any spells.
Your spell library contained the following spells:

 Spells                   Type           Power        Failure   Level  Hunger
 Magic Dart               Conj           #...         98%         1    ##.....
 Searing Ray              Conj           #.....       99%         2    ###....
 Dazzling Spray           Conj/Hex       #.....       100%        3    ####...
 Force Lance              Conj/Tloc      #.......     100%        4    #####..
 Fulminant Prism          Conj/Hex       #.........   100%        4    #####..
 Iskenderun's Mystic Bla  Conj           #.......     100%        4    #####..


Dungeon Overview and Level Annotations

Branches:
Dungeon (8/15)             Temple (1/1) D:7            Lair (0/6) D:8

Altars:
Ashenzari
Cheibriados
Dithmenos
Elyvilon
Fedhas
Gozag
Hepliaklqana
Kikubaaqudgha
Makhleb
Nemelex Xobeh
Okawaru
Qazlal
Ru
Sif Muna
Trog
Vehumet
Wu Jian
Xom
Yredelemnul
Zin
The Shining One

Shops:
D:4 =[:=

Annotations:
D:7 exclusion: downstairs
D:8 Gastronok


Innate Abilities, Weirdness & Mutations

You reflexively headbutt those who attack you in melee.
You have a pair of horns on your head.


Message History

The throwing net {!f} barely misses the death yak.
The death yak misses you.
There is an escape hatch in the ceiling here.
You feel like a meek peon again.
Things that are here:
2 throwing nets {!f}; a stone
F - 2 throwing nets {!f} The death yak gores you but does no damage.
Throwing (i - inventory. (/) - cycle)
F - 2 throwing nets (quivered)
{!f}
Aim: a death yak (lightly wounded) Really fire
F - 2 throwing nets {!f}?
You throw a throwing net {!f}.
The throwing net {!f} completely misses the death yak.
The death yak barely misses you.
You riposte.
You slash the death yak!
Throwing (i - inventory. (/) - cycle)
F - a throwing net (quivered)
{!f}
Aim: a death yak (lightly wounded) Really fire
F - a throwing net {!f}?
You throw a throwing net {!f}.
The throwing net {!f} hits the death yak.
The death yak is caught in the net!
The death yak struggles against the net.
You hit the death yak.
You headbutt the death yak, but do no damage.
You catch the helpless death yak completely off-guard!
You hit the death yak.
You headbutt the death yak, but do no damage.
The death yak struggles against the net.
You slash the death yak! You hit the death yak but do no damage.
You headbutt the death yak.
The death yak struggles against the net.
You catch the helpless death yak completely off-guard!
You hit the death yak.
The death yak struggles against the net.
You hit the death yak.
You headbutt the death yak, but do no damage.
You hit the death yak. You headbutt the death yak!
The death yak struggles against the net.
The net rips apart, and the death yak comes free!
You hit the death yak. The death yak gores you!
* * * LOW HITPOINT WARNING * * *
You hit the death yak. You headbutt the death yak.
You hit the death yak but do no damage.
The death yak gores you but does no damage.
You hit the death yak.
Unknown command.
Your chain mail prevents you from hitting the death yak.
The death yak gores you!
* * * LOW HITPOINT WARNING * * *
You hit the death yak. You headbutt the death yak! The death yak gores you!!
You die...

.# #.# #.# #.#.# #. .#
#.# #.# #.#.# #. .# #.#
####.####.#.###. .# #.#
##[<)[........... .#
#.# #...)........####
.# #.#
#########..##.########
.# #.# #.....)....##.#
.###.####.##...###<##.#
................@Y>...#
#########.##..>########
#.###### #.# #.#
#########.# ..........#
†########## .#


You could see a death yak.

Vanquished Creatures
  2 death yaks (D:8)
  Psyche (D:8)
  2 hornets (D:7)
  A hippogriff (D:7)
  Sigmund (D:3)
  A hungry ghost (D:8)
  An ice beast (D:5)
  A porcupine (D:8)
  3 black bears
  2 orc warriors
  A sky beast (D:5)
  2 phantoms
  7 ogres
  8 centaurs
  2 bullfrogs (D:7)
  A gnoll sergeant (D:8)
  2 jellies
  3 scorpions
  3 wights
  A howler monkey (D:6)
  4 crimson imps
  A quasit (D:8)
  A bullfrog zombie (D:6)
  8 hounds
  2 orc priests
  2 bullfrog skeletons
  6 orc wizards
  A centaur skeleton (D:7)
  Terence (D:3)
  4 iguanas
  4 hell rats (D:8)
  6 worker ants
  2 hound zombies
  A hound skeleton (D:6)
  7 gnolls
  14 adders
  2 river rats (D:8)
  An ooze (D:4)
  An adder skeleton (D:6)
  An adder zombie (D:5)
  6 worms
  4 dart slugs
  2 leopard geckos
  28 orcs
  11 giant cockroaches
  6 goblins
  14 hobgoblins
  13 jackals
  2 quokkas
  2 ball pythons
  A ball python skeleton (D:5)
  11 bats
  3 frilled lizards
  8 kobolds
  A leopard gecko skeleton (D:7)
  2 leopard gecko zombies (D:7)
  7 rats
235 creatures vanquished.

Notes
Turn   | Place    | Note
-------+----------+-------------------------------------------
     0 | D:1      | Crom the Minotaur Gladiator began the quest for the Orb.
     0 | D:1      | Reached XP level 1. HP: 18/18 MP: 0/0
   121 | D:1      | Reached XP level 2. HP: 22/25 MP: 1/1
   132 | D:1      | Reached skill level 4 in Long Blades
   204 | D:1      | Reached skill level 1 in Armour
   314 | D:1      | Reached XP level 3. HP: 26/30 MP: 2/2
   716 | D:2      | Noticed an ogre
   782 | D:2      | Killed an ogre
   782 | D:2      | Reached skill level 5 in Long Blades
   782 | D:2      | Reached XP level 4. HP: 38/38 MP: 3/3
   820 | D:2      | Reached XP level 5. HP: 33/45 MP: 4/4
   975 | D:2      | Found a shadowy altar of Dithmenos.
  1878 | D:3      | Noticed Terence
  1926 | D:3      | Killed Terence
  1926 | D:3      | Reached XP level 6. HP: 47/52 MP: 5/5
  1997 | D:3      | Reached skill level 6 in Long Blades
  2173 | D:3      | Noticed Sigmund
  2195 | D:3      | Killed Sigmund
  2195 | D:3      | Reached XP level 7. HP: 51/60 MP: 6/6
  2630 | D:4      | Found Arolur's Jewellery Boutique.
  2709 | D:4      | Reached skill level 5 in Dodging
  2844 | D:4      | Found Agiziqog's Armour Boutique.
  2865 | D:4      | Found a shattered altar of Ashenzari.
  2865 | D:4      | Found a hazy altar of Hepliaklqana.
  2915 | D:4      | Reached skill level 7 in Long Blades
  3276 | D:4      | Found Iloshane's Jewellery Boutique.
  3374 | D:4      | Reached skill level 5 in Fighting
  3378 | D:4      | Found Ikuweatu's Book Shoppe.
  3948 | D:4      | Reached skill level 8 in Long Blades
  3996 | D:4      | Reached XP level 8. HP: 69/69 MP: 7/7
  4136 | D:5      | Entered Level 5 of the Dungeon
  4184 | D:5      | Reached skill level 5 in Armour
  4412 | D:5      | Reached skill level 9 in Long Blades
  5387 | D:6      | Reached skill level 10 in Long Blades
  5533 | D:6      | Reached XP level 9. HP: 78/79 MP: 8/8
  7095 | D:7      | Reached skill level 11 in Long Blades
  7552 | D:7      | Found a sacrificial altar of Ru.
  7829 | D:7      | Found a staircase to the Ecumenical Temple.
  7847 | Temple   | Entered the Ecumenical Temple
  7886 | Temple   | Became a worshipper of Warmaster Okawaru
  8575 | D:7      | Paralysed by a hornet for 1 turns
  8578 | D:7      | Reached skill level 12 in Long Blades
  8598 | D:7      | HP: 4/82 [poisoned by a hornet]
  8604 | D:7      | HP: 4/82 [poisoned by a hornet]
  8612 | D:7      | HP: 3/82 [poisoned by a hornet]
  8967 | D:7      | Reached XP level 10. HP: 26/90 MP: 9/9
  9439 | D:8      | Noticed Psyche
  9866 | D:8      | Noticed a death yak
  9887 | D:8      | Killed a death yak
  9892 | D:8      | Noticed a death yak
 10116 | D:8      | Killed a death yak
 10116 | D:8      | Reached * piety under Okawaru
 10331 | D:8      | Reached skill level 13 in Long Blades
 10738 | D:8      | Reached skill level 1 in Shields
 10745 | D:8      | Found a staircase to the Lair.
 10891 | D:8      | Reached ** piety under Okawaru
 10915 | D:8      | Noticed Gastronok
 10919 | D:8      | Killed Psyche
 11479 | D:8      | Noticed a death yak
 11638 | D:8      | Slain by a death yak

Vault maps used:
D:1:      dpeg_arrival_stone_temple_mockup
D:2:      nicolae_dithmenos_through_a_glass_darkly, st_stairs_9
D:3:      uniq_terence, uniq_sigmund
D:4:      minmay_polygon_palace, grunt_temple_overflow_open, first_ration,
          serial_shops, shop, nicolae_shop_stone, nicolae_shop_behind_doors,
          shop, st_stairs_7
D:5:      serial_rivers, chequers_serial_rivers_small_3,
          chequers_serial_rivers_large_a, chequers_serial_rivers_micro_b,
          chequers_serial_rivers_micro_a
D:6:      minmay_evil_eye, centaur_isle
D:7:      temple_hall, basic_altar
D:8:      dpeg_lair_monsters, uniq_psyche, uniq_gastronok
Temple:   dpeg_five_rooms_temple

Skill      XL: |  1  2  3  4  5  6  7  8  9 10 |
---------------+-------------------------------+-----
Long Blades    | 4 5 6 8 10 12 13 | 13.4
Armour         | 1 2 3 4 6 8 9 |  9.4
Fighting       | 3 4 5 7 8 9 |  9.8
Dodging        | 4 5 |  5.0
Shields        | 2 |  2.3
Throwing       | |  2.0

Action                   |  1- 3 |  4- 6 |  7- 9 | 10-12 || total
-------------------------+-------+-------+-------+-------++-------
Melee: Long sword        |    53 |       |    17 |       ||    70
       Headbutt          |     9 |    55 |    99 |    56 ||   219
       Dagger            |     7 |   210 |    76 |       ||   293
       Short sword       |       |       |   395 |   134 ||   529
       Falchion          |       |       |       |    58 ||    58
 Fire: Hunting sling     |       |       |    10 |       ||    10
Throw: Throwing net      |       |     2 |       |     7 ||     9
       Stone             |       |       |       |     1 ||     1
Invok: Heroism           |       |       |       |     2 ||     2
Evoke: Wand              |       |       |     2 |     1 ||     3
  Use: Scroll            |     2 |       |    10 |       ||    12
       Potion            |       |       |     2 |       ||     2
 Stab: Paralysed         |       |       |     2 |       ||     2
       Held in net/web   |       |       |       |     3 ||     3
  Eat: Chunk             |       |     1 |    14 |     3 ||    18
       Ration            |       |     1 |     2 |     3 ||     6
Armor: Leather armour    |    12 |       |       |       ||    12
       Ring mail         |     4 |     2 |       |       ||     6
       Chain mail        |       |    39 |   174 |    66 ||   279
       Skin              |       |       |    17 |       ||    17
Dodge: Dodged            |    44 |    53 |   286 |    76 ||   459
       Rpst.: Long sword |    12 |       |     1 |       ||    13
       Falchion          |       |       |       |     5 ||     5

Table legend:
 A = Non-vault XP
 B = Vault XP
 C = Vault XP percentage of total XP
 D = Non-vault monster count
 E = Vault monster count
 F = Vault count percentage of total count
                 A         B        C        D         E       F
            +---------+---------+-------+---------+---------+-------
      Total |    5581 |    3951 |  41.4 |     200 |      35 |  14.9
            +---------+---------+-------+---------+---------+-------
        D:1 |      50 |       0 |   0.0 |      30 |       0 |   0.0
        D:2 |     120 |     120 |  50.0 |      19 |       2 |   9.5
        D:3 |     248 |     269 |  52.0 |      33 |       2 |   5.7
        D:4 |     273 |     399 |  59.4 |      18 |      14 |  43.8
        D:5 |     564 |       0 |   0.0 |      18 |       0 |   0.0
        D:6 |     871 |     682 |  43.9 |      22 |       6 |  21.4
        D:7 |    2143 |       0 |   0.0 |      36 |       0 |   0.0
        D:8 |    1312 |    2481 |  65.4 |      24 |      11 |  31.4
            +---------+---------+-------+---------+---------+-------
